Get step-by-step instructions on how to execute this build order below. Start the game timer, and the build order will tick by so you can play in parallel with StarCraft on a second screen or mobile device.

Game Time

  0:00

Last Step

  N/A

Next Step

Upcoming Step



Don't want to look back and forth between 2 screens? Try out our Overwolf App, the Spawning Tool Build Advisor to get an in-game overlay with this build!

Complete Build Order

  12  0:00  Drone  
  13  0:12  Overlord  
  13  0:17  Drone  
  14  0:30  Drone x2  
  16  0:41  Drone  
  17  0:51  Hatchery  
  17  0:54  Drone  
  17  0:58  Drone  
  18  1:09  Extractor  
  17  1:13  Spawning Pool  
  17  1:16  Drone  
  17  1:19  Drone  
  18  1:28  Drone  
  19  1:38  Drone  
  20  1:49  Overlord  
  20  1:59  Queen  
  22  2:02  Queen  
  22  2:03  Drone  
  22  2:04  Zergling x2  
  22  2:08  Metabolic Boost  
  26  2:11  Zergling x2  
  26  2:14  Drone  
  28  2:21  Drone  
  29  2:26  Drone  
  30  2:35  Hatchery  
  30  2:37  Drone  
  30  2:43  Drone  
  31  2:46  Queen  
  31  2:50  Overlord  
  33  2:53  Drone  
  34  3:02  Drone  
  34  3:03  Zergling x2  
  36  3:07  Overlord  
  36  3:08  Queen  
  38  3:13  Zergling x6  
  38  3:15  Drone  
  38  3:17  Drone  
  43  3:20  Drone  
  43  3:27  Drone x2  
  46  3:29  Drone  
  46  3:30  Queen  
  49  3:38  Roach Warren  
  49  3:40  Drone x2  
  50  3:43  Drone  
  50  3:44  Drone  
  50  3:47  Overlord  
  52  3:55  Drone x4  
  52  3:59  Queen  
  58  4:05  Overlord  
  58  4:06  Overlord  
  58  4:10  Drone  
  58  4:11  Drone  
  58  4:16  Spore Crawler  
  59  4:18  Spore Crawler  
  59  4:19  Drone, Spore Crawler  
  59  4:22  Zergling x4  
  60  4:25  Drone x2  
  62  4:31  Overlord  
  62  4:32  Drone x2  
  64  4:41  Drone  
  64  4:42  Drone x2  
  64  4:45  Roach x4  
  79  4:53  Roach x2  
  79  4:55  Drone x4  
  79  4:56  Extractor  
  82  5:00  Overlord  
  82  5:04  Overlord  
  80  5:10  Drone x8  
  80  5:17  Drone x2, Lair  
  80  5:20  Drone  
  83  5:22  Extractor  
  83  5:28  Roach x2  
  86  5:31  Drone x6  
  86  5:34  Extractor  
  91  5:36  Drone  
  92  5:43  Extractor, Roach x2  
  92  5:44  Extractor, Evolution Chamber  
  92  5:49  Roach x2  
  97  5:50  Drone  
  98  5:58  Overlord  
  98  5:59  Overlord x2  
  98  6:03  Overlord  
  98  6:04  Overlord  
  98  6:06  Overlord  
  98  6:07  Overlord  
  98  6:08  Overlord  
  98  6:11  Overlord x2  
  98  6:15  Queen, Overlord  
  98  6:16  Queen  
  98  6:17  Queen  
  98  6:18  Glial Reconstitution  
  102  6:19  Zerg Missile Weapons Level 1  
  102  6:21  Overlord  
  102  6:25  Ravager  
  102  6:26  Overlord  
  102  6:29  Drone x3  
  106  6:33  Drone, Spire  
  106  6:36  Roach x2  
  110  6:45  Roach x4  
  118  6:50  Drone, Baneling Nest  
  118  6:51  Drone  
  119  6:56  Roach x3  
  119  6:58  Overseer  
  122  7:06  Zergling x2  
  122  7:07  Zergling x12  
  129  7:24  Roach x4  
  129  7:29  Roach x3  
  142  7:32  Roach x5  
  142  7:34  Overseer  
  152  7:37  Hatchery  
  152  7:41  Roach  
  152  7:42  Roach x3  
  159  7:56  Centrifugal Hooks  
  159  7:58  Drone  
  160  7:59  Drone  
  160  8:07  Roach x5  
  170  8:13  Zerg Melee Weapons Level 1, Zergling x20  
  170  8:19  Zergling x2  
  181  8:20  Ravager x2  
  181  8:25  Zergling x4  
  185  8:30  Zergling x2  
  186  8:35  Overlord  
  186  8:36  Overlord  
  186  8:37  Overlord  
  186  8:40  Overlord  
  186  8:42  Overlord  
  186  8:44  Overlord  
  186  8:45  Overlord  
  185  8:53  Overseer  
  185  8:54  Zergling x16  
  193  8:56  Baneling  
  193  8:57  Baneling x33  
  193  8:59  Baneling  
  193  9:00  Baneling x3  
  193  9:03  Zergling x6, Ravager  
  197  9:10  Zergling x6  
  197  9:16  Zergling x10  
  175  9:24  Zergling x2  
  175  9:25  Zergling x20  
  175  9:29  Roach  
  170  9:31  Roach  
  170  9:35  Roach  
  156  9:38  Roach  
  156  9:39  Roach x4  
  160  9:45  Roach x2  
  160  9:48  Roach x7  
  154  9:53  Roach x3  
  154  9:56  Roach x2  
  154  9:59  Roach  
  155  10:02  Roach  
  155  10:03  Roach  
  155  10:07  Roach  
  151  10:10  Zergling x2  
  151  10:13  Zergling x4  
  154  10:15  Ravager  
  154  10:16  Ravager  
  154  10:17  Ravager x3  
  154  10:18  Zergling x4  
  154  10:19  Ravager x2  
  163  10:22  Zergling x14  
  170  10:30  Zergling x6  
  170  10:32  Roach  
  162  10:36  Roach  
  162  10:38  Baneling x10  
  162  10:41  Roach x2